 Dungeon Crawl Stone Soup version 0.25.0-26-g0c896c7088 (webtiles) character file.

Game seed: 9038311263347355499

7 Descartes the Scratcher (level 1, -1/9 HPs)
             Began as a Felid Transmuter on July 1, 2020.
             Succumbed to a goblin's poison
             ... on level 1 of the Dungeon.
             The game lasted 00:00:42 (502 turns).

Descartes the Scratcher (Felid Transmuter)           Turns: 502, Time: 00:00:43

Health: -1/9       AC:  1    Str:  6    XL:     1   Next: 91%
Magic:  4/4        EV: 18    Int: 14    God:
Gold:   19         SH:  0    Dex: 16    Spells: 3/4 levels left
                                        Lives:  0   Deaths: 0

rFire    . . .     SeeInvis +     - Unarmed
rCold    . . .     Gourm    .   (shield unavailable)
rNeg     . . .     Faith    .   (armour unavailable)
rPois    .         Spirit   .   (helmet unavailable)
rElec    .         Reflect  .   (cloak unavailable)
rCorr    .         Harm     .   (gloves unavailable)
MR       .....                  (boots unavailable)
Stlth    ++........             (no amulet)
HPRegen  0.03/turn              (no ring)
MPRegen  0.09/turn              (no ring)

@: lethally poisoned (-1 -> -24), quick
A: very small, no armour, no weapons or thrown items, stealth, claws 1, fangs 3,
see invisible, carnivore, speed 1, shaggy fur 1, slow metabolism 1, sharp paws
a: no special abilities


You were on level 1 of the Dungeon.
You were full.

You visited 1 branch of the dungeon, and saw 1 of its levels.

You collected 19 gold pieces.

Inventory:

Missiles
 a - 12 arrows
 b - 40 stones
Scrolls
 e - a scroll of remove curse {unknown}
Potions
 d - 5 potions of curing {unknown}
 f - a potion of heal wounds {unknown}
Comestibles
 c - 2 rations


   Skills:
 - Level 1.0 Fighting
 - Level 2.6 Dodging
 + Level 0.2 Stealth
 + Level 3.5 Unarmed Combat
 - Level 2.0 Spellcasting
 - Level 2.1 Transmutations


You had 3 spell levels left.
You knew the following spells:

 Your Spells              Type           Power        Failure   Level  Hunger
a - Beastly Appendage     Tmut           #.....       10%         1    ##.....

Your spell library contained the following spells:

 Spells                   Type           Power        Failure   Level  Hunger
 Sticks to Snakes         Tmut           #.......     14%         2    ###....
 Spider Form              Tmut/Pois      #.........   41%         3    ####...
 Ice Form                 Ice/Tmut       #.......     83%         4    #####..
 Blade Hands              Tmut           #.........   95%         5    ######.


Dungeon Overview and Level Annotations

Branches:
Dungeon (1/15)

Altars:


Innate Abilities, Weirdness & Mutations

You cannot wear armour.
You are incapable of wielding weapons or throwing items.
Your paws allow you to move quietly. (Stealth)
You have sharp claws.
You have razor-sharp teeth.
You have supernaturally acute eyesight. (SInv)
You are carnivorous and can eat meat at any time.
You cover ground quickly.
You are covered in fur. (AC +1)
You have a slow metabolism.
Your sharp claws are effective at attacking unaware monsters.


Message History

You closely miss the goblin. You bite the goblin.
The goblin is moderately wounded.
The goblin hits you but does no damage.
You are lethally poisoned!
You barely miss the goblin.
The goblin is moderately wounded.
You feel sick. The goblin completely misses you.
You feel sick. The goblin misses you.
You barely miss the goblin.
The goblin is moderately wounded.
You feel sick. The goblin barely misses you.
You closely miss the goblin.
The goblin is moderately wounded.
The goblin hits you with a +2 dagger of venom.
Ouch! That really hurt!
* * * LOW HITPOINT WARNING * * *
You are more poisoned.
You scratch the goblin.
The goblin is heavily wounded.
You die...

#.# #..## #.#
#...# #.######
###...#
#)##...#####...#.#
#...###........#.#
#..## ##.###...#.#
#..# #........?#
#..## ##.####.#.##
#...###.## #.#@#
#..#...## #.#g#
##.###### #....
...# ...... ##.#
#....## .#...
....## .#...#
#..### .#.### #..
.#.#


You could see a goblin.

Vanquished Creatures
  A goblin (D:1)
  2 bats (D:1)
  A frilled lizard (D:1)
  3 kobolds (D:1)
  2 rats (D:1)
9 creatures vanquished.

Notes
Turn   | Place    | Note
-------+----------+-------------------------------------------
     0 | D:1      | Descartes the Felid Transmuter began the quest for the Orb.
     0 | D:1      | Reached XP level 1. HP: 9/9 MP: 4/4
   502 | D:1      | Succumbed to a goblin's poison

Illustrated notes

Levels and vault maps discovered:
D:1:      minmay_arrival_shattered_statue, layout_loops_ring, roderic_lattice_a

Action                   || total
-------------------------++-------
Melee: Unarmed           ||    21
       Bite              ||     3
 Stab: Sleeping          ||     2
  Eat: Chunk             ||     2
Dodge: Dodged            ||     8
